 Dungeon Crawl Stone Soup version 0.29-a0-477-g62b78b4225 (webtiles) character file.

Game seed: 9806582270072617931

74772 Bruhh the Warrior (level 15, -6/167 HPs)
             Began as an Ogre Earth Elementalist on May 25, 2022.
             Was a High Priest of Vehumet.
             Mangled by a catoblepas (34 damage)
             ... on level 12 of the Dungeon.
             The game lasted 01:13:30 (29157 turns).

Bruhh the Warrior (Ogre Earth Elementalist)        Turns: 29157, Time: 01:13:31

Health: -6/167     AC:  1    Str: 16    XL:     15   Next: 47%
Magic:  2/29       EV:  9    Int: 26    God:    Vehumet [*****.]
Gold:   1058       SH:  0    Dex: 11    Spells: 4/34 levels left

rFire   + . .      SeeInvis .   u - +1 dagger of Descent {flame, Drain rPois Int+4 Dex+2}
rCold   + . .      Faith    .   (no shield)
rNeg    . . .      Spirit   .   R - +0 troll leather armour
rPois   +          Reflect  .   (helmet restricted)
rElec   .          Harm     .   S - scarf {rC+ rF+}
rCorr   .          Rampage  .   (gloves unavailable)
Will    ++...                   (boots unavailable)
Stlth   +.........              f - amulet of regeneration
HPRegen 1.97/turn               H - ring of wizardry
MPRegen 0.21/turn               C - ring of willpower

@: corroded, studying 2 skills
A: large, unfitting armour, tough skin 1
a: Renounce Religion


You were on level 12 of the Dungeon.
You worshipped Vehumet.
Vehumet was extremely pleased with you.
You visited 3 branches of the dungeon, and saw 21 of its levels.
You also visited: Gauntlet.

You collected 1812 gold pieces.
You spent 754 gold pieces at shops.

Inventory:

Hand Weapons
 u - the +1 dagger of Descent (weapon) {flame, Drain rPois Int+4 Dex+2}
   (You found it on level 3 of the Dungeon)

   It burns those it strikes, dealing additional fire damage.
   Int:       It affects your intelligence (+4).
   Dex:       It affects your dexterity (+2).
   rPois:     It protects you from poison.
   Drain:     It drains your maximum health when unequipped.
Missiles
 a - 766 stones
 G - 7 curare-tipped darts
Armour
 R - a +0 troll leather armour (worn)
 S - a scarf of resistance (worn)
Magical Staves
 d - a staff of poison
Jewellery
 f - an amulet of regeneration (around neck)
 i - a +4 ring of evasion
 r - a ring of flight
 C - a ring of willpower (right hand)
 E - a ring of protection from fire
 H - a ring of wizardry (left hand)
 Q - a ring of protection from cold
Wands
 c - a wand of polymorph (6)
 s - a wand of iceblast (43)
 v - a wand of flame (83)
 M - a wand of charming (12)
 P - a wand of acid (13)
 U - a wand of digging (5)
 V - a wand of paralysis (10)
Scrolls
 e - a scroll of blinking
 g - 4 scrolls of enchant weapon
 l - 9 scrolls of teleportation
 m - 5 scrolls of enchant armour
 p - a scroll of amnesia
 q - 2 scrolls of immolation
 w - a scroll of identify
 x - 3 scrolls of poison
 y - 2 scrolls of vulnerability
 z - 5 scrolls of noise
 B - 3 scrolls of magic mapping
 K - 3 scrolls of fear
 L - a scroll of silence {unknown}
 O - 3 scrolls of fog
 W - a scroll of torment
Potions
 h - 7 potions of heal wounds
 j - 3 potions of attraction
 k - 13 potions of curing
 n - 3 potions of brilliance
 o - 5 potions of might
 t - 4 potions of berserk rage
 A - a potion of mutation
 D - 2 potions of flight {unknown}
 F - 2 potions of lignification {unknown}
 I - a potion of invisibility {unknown}
 J - 3 potions of haste {unknown}
 N - 4 potions of degeneration {unknown}
 X - 4 potions of ambrosia {unknown}
Miscellaneous
 b - a condenser vane
 T - a phial of floods


   Skills:
 - Level 15.0 Fighting
 - Level 5.2 Armour
 - Level 1.7 Dodging
 - Level 1.4 Stealth
 - Level 10.1 Spellcasting
 - Level 14.1 Conjurations
 - Level 0.8 Transmutations
 + Level 10.3 Fire Magic
 + Level 7.4 Ice Magic
 - Level 4.0 Air Magic
 - Level 5.0 Earth Magic
 - Level 5.0 Poison Magic


You had 4 spell levels left.
You knew the following spells:

 Your Spells              Type           Power      Damage    Failure   Level
a - Sandblast             Erth           78%        2d17      1%          1
b - Stone Arrow           Conj/Erth      100%       3d13      1%          3
c - Mephitic Cloud        Conj/Pois/Air  52%        N/A       1%          3
d - Ignite Poison         Fire/Tmut/Pois 41%        N/A       1%          3
e - Freezing Cloud        Conj/Ice/Air   27%        6-21      1%          5
f - Starburst             Conj/Fire      33%        6d10      1%          6
g - Irradiate             Conj/Tmut      25%        3d21      1%          5
h - Olgreb's Toxic Radia  Pois           39%        N/A       1%          4

Your spell library contained the following spells:

 Spells                   Type           Power      Damage    Failure   Level
 Lee's Rapid Deconstruct  Erth           19%        3d12*     2%          5
 Magic Dart               Conj           100%       1d8       0%          1
 Beastly Appendage        Tmut           34%        N/A       1%          1
 Ensorcelled Hibernation  Hex/Ice        64%        N/A       1%          2
 Passwall                 Tmut/Erth      23%        N/A       1%          2
 Poisonous Vapours        Pois/Air       72%        N/A       1%          2
 Searing Ray              Conj           100%       2d8       1%          2
 Conjure Flame            Conj/Fire      67%        6-21      1%          3
 Dazzling Flash           Conj/Hex       98%        N/A       1%          3
 Spider Form              Tmut/Pois      28%        N/A       1%          3
 Fulminant Prism          Conj/Hex       24%        3d13      1%          4
 Iskenderun's Mystic Bla  Conj/Tloc      49%        2d11      1%          4
 Sticky Flame             Conj/Fire      67%        2d8       1%          4
 Wereblood                Tmut           17%        N/A       2%          2
 Gell's Gravitas          Tloc           13%        N/A       6%          3
 Teleport Other           Tloc           13%        N/A       6%          3
 Petrify                  Tmut/Erth      28%        N/A       6%          4
 Anguish                  Hex/Necr       6%         N/A       21%         4
 Animate Dead             Necr           13%        N/A       21%         4
 Ozocubu's Refrigeration  Ice            25%        4d10      22%         7
 Eringya's Noxious Bog    Tmut/Pois      14%        N/A       24%         6
 Blade Hands              Tmut           8%         N/A       38%         5
 Ignition                 Fire           30%        3d10      43%         8
 Dispersal                Tloc           6%         N/A       96%         6
 Dragon Form              Tmut           8%         N/A       100%        7
 Haunt                    Necr/Summ      6%         N/A       100%        7
 Infestation              Necr           6%         N/A       100%        8


Dungeon Overview and Level Annotations

Branches:
Dungeon (13/15)            Temple (0/1) D:7            Lair (6/6) D:8
  Swamp (0/4) Lair:4        Snake (0/4) Lair:3        Slime (0/5) Lair:5
    Orc (2/2) D:10            Elf (0/3) Orc:2       Gauntlet (visited)
 Vaults: D:13-14

Altars:
Elyvilon
Hepliaklqana
Okawaru
Qazlal
Ru
Trog
Vehumet
The Shining One

Shops:
D:3 *   D:11 *(=   Orc:1 :[[   Orc:2 ?[(*


Innate Abilities, Weirdness & Mutations

You are too large for most types of armour.
You have tough skin. (AC +1)


Message History

You kill the acid dragon!
Vehumet accepts your kill.
You feel your power returning.
a - 766 stones The centaur warrior shouts!
The centaur warrior is poisoned.
Your toxic aura wanes.
The centaur wields a +0 shortbow.
The centaur shoots an arrow.
The arrow hits you!
The centaur warrior wields a +0 longbow.
The centaur warrior shoots an arrow.
The arrow hits you!!
The catoblepas breathes a plume of calcifying dust at you.
The blast of calcifying dust hits you.
Casting: Sandblast (safe; 1% risk of failure)
Confirm with . or Enter, or press ? or * to list all spells.
Okay, then.
Blink to where?
Press: ? - help, Dir - move target
As you read the scroll of blinking, it crumbles to dust.
The centaur shoots an arrow.
The arrow hits you!
The centaur warrior shoots an arrow.
The arrow hits you!
* * * LOW HITPOINT WARNING * * *
The centaur warrior shoots an arrow.
The arrow hits you!!
* * * LOW HITPOINT WARNING * * *
The catoblepas breathes a plume of calcifying dust at you.
The blast of calcifying dust hits you.
* * * LOW HITPOINT WARNING * * *
You climb upwards.
There is a stone staircase leading down here.
You feel much better. The catoblepas gores you!
* * * LOW HITPOINT WARNING * * *
Casting: Sandblast (safe; 1% risk of failure)
Confirm with . or Enter, or press ? or * to list all spells.
You ignite the poison in your surroundings!
The catoblepas seems to burn from within!!!
The catoblepas is almost dead.
The catoblepas gores you!
* * * LOW HITPOINT WARNING * * *
You feel much better. The catoblepas gores you!!
You die...

##############
#............#
#.############# #.#
#.......#### ###.##
#.<......... #....#
#.......####
#.Y..####.......####
#..@................
#..........##...#...
#...................
##....#####'#######'
#....###.....###...
#....##.....###....
#....#.....###.....
#....#.(..###.....#
##.#.'...###.....##


You could see a catoblepas.

Vanquished Creatures
  Saint Roka (Orc:2)
  An orc warlord (Orc:2)
  A dire elephant (Gauntlet)
  A minotaur (Gauntlet)
  5 hydras
  2 boulder beetles
  5 vault guards (D:13)
  2 catoblepae
  Erica (Orc:1)
  2 two-headed ogres
  11 death yaks
  A deep troll shaman (Lair:6)
  6 orc high priests
  Amaemon (Lair:3)
  A soul eater (Gauntlet)
  The ghost of blade888 the Skirmisher, a novice OpVM of Vehumet (D:8)
  A bog body (Lair:4)
  A lindwurm (Lair:6)
  A wizard (D:12)
  5 orc knights (Orc:2)
  2 deep elf pyromancers (D:12)
  An orc sorcerer (Orc:2)
  11 elephants
  An ugly thing (D:11)
  2 cyclopes
  6 black mambas
  An ice statue (Gauntlet)
  8 cane toads
  2 unseen horrors
  An orange demon (Lair:3)
  A torpor snail (Lair:4)
  3 kobold demonologists
  8 komodo dragons
  3 rime drakes
  3 trolls
  5 polar bears
  Grinder (D:6)
  9 blink frogs
  5 slime creatures
  6 dream sheep (Lair:6)
  Sigmund (D:3)
  6 wyverns
  52 yaks
  6 basilisks
  3 vampire mosquitoes (D:12)
  A steam dragon (D:7)
  Edmund (D:6)
  3 wargs
  3 acid dragons
  22 water moccasins
  31 orc warriors
  5 black bears
  2 sky beasts (D:7)
  6 ogres
  6 centaurs
  14 wolves
  16 kobold brigands
  14 bullfrogs
  3 scorpions
  2 gnoll sergeants
  A necrophage (D:6)
  3 wights (D:8)
  11 killer bees (D:9)
  3 electric eels
  3 howler monkeys
  4 jellies
  2 hounds
  32 orc priests
  An iguana (D:7)
  Ijyb (D:3)
  19 orc wizards
  13 hell rats (Lair:6)
  5 gnolls (D:10)
  6 adders
  5 shadow imps
  3 white imps
  3 ufetubi (D:4)
  2 worms (D:2)
  2 dart slugs
  111 orcs
  8 ball pythons
  8 endoplasms
  3 giant cockroaches
  6 goblins
  6 hobgoblins
  4 jackals
  3 quokkas
  7 bats
  6 frilled lizards
  27 kobolds
  14 rats
648 creatures vanquished.

Vanquished Creatures (others)
  79 fungi
  85 plants
164 creatures vanquished.

Grand Total: 812 creatures vanquished

Notes
Turn   | Place    | Note
-------+----------+-------------------------------------------
     0 | D:1      | Bruhh the Ogre Earth Elementalist began the quest for the
                  | Orb.
     0 | D:1      | Reached XP level 1. HP: 16/16 MP: 3/3
   260 | D:1      | Reached XP level 2. HP: 24/24 MP: 5/5
   412 | D:1      | Found a faded altar of an unknown god.
   698 | D:1      | Reached XP level 3. HP: 30/31 MP: 7/7
  2026 | D:2      | Reached XP level 4. HP: 39/39 MP: 5/9
  3032 | D:3      | Reached XP level 5. HP: 45/45 MP: 6/11
  3192 | D:3      | Learned a level 3 spell: Stone Arrow
  3234 | D:3      | Found a radiant altar of Vehumet.
  3247 | D:3      | Became a worshipper of Vehumet
  3346 | D:3      | Noticed Ijyb
  3357 | D:3      | Killed Ijyb
  3553 | D:3      | Found Kozxef's General Store.
  3577 | D:3      | Identified the +1 dagger of Descent {flame, Drain rPois
                  | Int+4 Dex+2}
  3694 | D:3      | Noticed Sigmund
  3701 | D:3      | Killed Sigmund
  3702 | D:3      | Reached skill level 5 in Spellcasting
  3702 | D:3      | Reached XP level 6. HP: 46/53 MP: 4/13
  3811 | D:3      | Found a glowing golden altar of the Shining One.
  4077 | D:4      | Identified the +0 scale mail "Rolixoo" {rCorr}
  4125 | D:4      | Reached skill level 5 in Earth Magic
  4128 | D:4      | Reached XP level 7. HP: 59/59 MP: 6/14
  4414 | D:4      | Found a sacrificial altar of Ru.
  4847 | D:4      | Found a hazy altar of Hepliaklqana.
  4847 | D:4      | Found an iron altar of Okawaru.
  5320 | D:5      | Entered Level 5 of the Dungeon
  5345 | D:5      | Found a white marble altar of Elyvilon.
  5450 | D:5      | Reached skill level 5 in Conjurations
  5450 | D:5      | Reached skill level 2 in Fighting
  5644 | D:5      | Reached XP level 8. HP: 72/72 MP: 5/15
  6055 | D:5      | Found a stormy altar of Qazlal.
  6391 | D:6      | Noticed Edmund
  6403 | D:6      | Killed Edmund
  6595 | D:6      | Noticed Grinder
  6598 | D:6      | Killed Grinder
  6599 | D:6      | Reached skill level 5 in Poison Magic
  6603 | D:6      | Learned a level 3 spell: Mephitic Cloud
  6607 | D:6      | Learned a level 3 spell: Ignite Poison
  7065 | D:5      | Reached * piety under Vehumet
  7065 | D:5      | Offered knowledge of Shock by Vehumet.
  7457 | D:6      | Reached XP level 9. HP: 79/79 MP: 11/19
  8194 | D:7      | Reached skill level 1 in Air Magic
  8673 | D:7      | Found a staircase to the Ecumenical Temple.
  9043 | D:8      | Found a runed translucent gate.
  9081 | D:8      | Found a runed translucent gate.
  9081 | D:8      | Found a runed translucent gate.
  9081 | D:8      | Noticed blade888's ghost (novice OpVM)
  9604 | D:8      | Reached ** piety under Vehumet
  9604 | D:8      | Offered knowledge of Scorch by Vehumet.
  9727 | D:8      | Reached XP level 10. HP: 87/87 MP: 16/22
  9743 | D:8      | Found a staircase to the Lair.
 10569 | D:9      | Reached skill level 10 in Spellcasting
 10644 | D:9      | Offered knowledge of Static Discharge by Vehumet.
 10680 | D:9      | Noticed a two-headed ogre
 10687 | D:9      | Killed a two-headed ogre
 10688 | D:9      | Reached skill level 5 in Fighting
 10904 | D:9      | Reached skill level 6 in Fighting
 11235 | D:7      | Reached *** piety under Vehumet
 11239 | D:7      | Reached skill level 7 in Fighting
 11485 | D:8      | Killed blade888's ghost
 11486 | D:8      | Reached skill level 8 in Fighting
 11486 | D:8      | Reached XP level 11. HP: 110/113 MP: 15/25
 11615 | D:8      | Reached skill level 9 in Fighting
 11727 | Lair:1   | Entered Level 1 of the Lair of Beasts
 11947 | Lair:1   | Reached skill level 10 in Fighting
 12724 | Lair:2   | Reached skill level 11 in Fighting
 12807 | Lair:2   | Offered knowledge of Conjure Flame by Vehumet.
 12857 | Lair:2   | Reached skill level 12 in Fighting
 12872 | Lair:2   | Learned a level 5 spell: Freezing Cloud
 12953 | Lair:2   | Reached skill level 1 in Fire Magic
 14215 | Lair:3   | Reached skill level 5 in Fire Magic
 14339 | Lair:3   | Noticed a six-headed hydra
 14345 | Lair:3   | Killed a six-headed hydra
 14460 | Lair:3   | Reached XP level 12. HP: 132/132 MP: 14/26
 14462 | Lair:3   | Reached **** piety under Vehumet
 14487 | Lair:3   | Noticed Amaemon
 14493 | Lair:3   | Killed Amaemon
 14493 | Lair:3   | Offered knowledge of Inner Flame by Vehumet.
 14905 | Lair:3   | Reached skill level 10 in Conjurations
 14976 | Lair:3   | Learned a level 6 spell: Starburst
 14999 | Lair:3   | Found a staircase to the Snake Pit.
 16144 | Lair:4   | Found a staircase to the Swamp.
 16436 | Lair:4   | Learned a level 5 spell: Irradiate
 16522 | Lair:4   | You fall into a shaft and drop 2 floors!
 16522 | Lair:6   | Entered Level 6 of the Lair of Beasts
 16543 | Lair:6   | Noticed an eight-headed hydra
 16549 | Lair:6   | Killed an eight-headed hydra
 17102 | Lair:6   | Reached ***** piety under Vehumet
 17102 | Lair:6   | Offered knowledge of Yara's Violent Unravelling by Vehumet.
 17164 | Lair:6   | Reached XP level 13. HP: 137/138 MP: 19/27
 19022 | Lair:5   | Found a staircase to the Slime Pits.
 19194 | Lair:5   | Reached skill level 13 in Fighting
 19360 | Lair:5   | Reached skill level 14 in Fighting
 19362 | Lair:5   | Reached XP level 14. HP: 45/157 MP: 11/28
 20286 | Lair:4   | Reached skill level 15 in Fighting
 20287 | Lair:4   | Reached skill level 1 in Armour
 20598 | Lair:4   | Offered knowledge of Ozocubu's Refrigeration by Vehumet.
 21296 | D:10     | Entered Level 10 of the Dungeon
 21318 | D:10     | Found a staircase to the Orcish Mines.
 21923 | D:10     | Reached skill level 5 in Armour
 22375 | Orc:1    | Entered Level 1 of the Orcish Mines
 22375 | Orc:1    | Found Siqe Ush's Book Emporium.
 22394 | Orc:1    | Bought the Unrestrained Analects for 528 gold pieces
 22399 | Orc:1    | Learned a level 4 spell: Olgreb's Toxic Radiance
 22525 | Orc:1    | Found Xyzaskosh's Antique Armour Shoppe.
 22597 | Orc:2    | Entered Level 2 of the Orcish Mines
 22606 | Orc:2    | Reached skill level 1 in Ice Magic
 23023 | Orc:2    | Noticed an orc warlord
 23247 | Orc:2    | Killed an orc warlord
 23445 | Orc:2    | Offered knowledge of Iron Shot by Vehumet.
 23752 | Orc:2    | Found a staircase to the Elven Halls.
 23762 | Orc:2    | Noticed Saint Roka
 23787 | Orc:2    | Killed Saint Roka
 24276 | Orc:2    | Found a bloodstained altar of Trog.
 25100 | Orc:2    | Found Taffip's Antique Weapon Shop.
 25100 | Orc:2    | Found Xaerusef's General Store.
 25101 | Orc:2    | Found Mieng's Magic Scroll Shop.
 25101 | Orc:2    | Found Gintuph's Armour Boutique.
 25116 | Orc:2    | Bought a scroll of blinking for 90 gold pieces
 25116 | Orc:2    | Bought a scroll of teleportation for 36 gold pieces
 25116 | Orc:2    | Bought a scroll of fog for 24 gold pieces
 25116 | Orc:2    | Bought a scroll of fog for 24 gold pieces
 25406 | Orc:1    | Found Wimpar's Armour Emporium.
 25430 | Orc:1    | Noticed Erica
 25436 | Orc:1    | Killed Erica
 25437 | Orc:1    | Reached skill level 5 in Ice Magic
 25630 | D:11     | Reached XP level 15. HP: 162/167 MP: 29/29
 25827 | D:11     | Found Sekk's Jewellery Shoppe.
 25952 | D:11     | Found Ithreabai's Antique Weapon Shop.
 25953 | D:11     | Found Fint's General Store.
 26457 | D:12     | Offered knowledge of Lee's Rapid Deconstruction by Vehumet.
 26805 | D:12     | Found a gate leading to a gauntlet.
 26824 | Gauntlet | Entered a Gauntlet
 26824 | Gauntlet | Found a transporter.
 26838 | Gauntlet | Found a transporter.
 26853 | Gauntlet | Found a transporter.
 26858 | Gauntlet | Found a transporter.
 26873 | Gauntlet | Found a transporter.
 26873 | Gauntlet | Found the +0 pair of fencer's gloves {Riposte Dex+3}
 26892 | Gauntlet | Found a transporter.
 26904 | Gauntlet | Found a transporter.
 26916 | Gauntlet | Found a transporter.
 26922 | Gauntlet | Found a transporter.
 26922 | Gauntlet | Found a transporter.
 26937 | Gauntlet | Found a transporter.
 26949 | Gauntlet | Found a transporter.
 26966 | Gauntlet | Found a transporter.
 26984 | Gauntlet | Found a transporter.
 26986 | Gauntlet | Found a transporter.
 27011 | Gauntlet | Found a transporter.
 27013 | Gauntlet | Found a transporter.
 27115 | Gauntlet | Found a transporter.
 27872 | Gauntlet | Got the Handbook of Enchantment and Intoxication
 27965 | D:11     | Bought a scroll of amnesia for 52 gold pieces
 28540 | D:12     | Reached skill level 10 in Fire Magic
 29156 | D:12     | HP: 7/167 [catoblepas (15)]
 29157 | D:12     | Mangled by a catoblepas

Illustrated notes

Levels and vault maps discovered:
D:1:      lightli_arrival_noodles, layout_basic, nicolae_ecumenical_lake_church,
          minmay_rat_gold_closets
D:2:      minmay_recursive_quarters, layout_loops_ring, minmay_bisected
D:3:      layout_loops_ring, lemuel_tele_altar, nicolae_vehumet_altar_sigil,
          serial_shops, nicolae_square_shop, uniq_ijyb, uniq_sigmund
D:4:      nicolae_cairo_tiling_large_dashed, layout_cave_pools, minitemple,
          minmay_puff
D:5:      layout_basic, kennysheep_little_box,
          mainiacjoe_overflow_concentric_impassable, glass_columns_a
D:6:      layout_gridville, minmay_misc_feat_columns, minmay_holes,
          uniq_grinder, uniq_edmund
D:7:      layout_basic, minmay_temple_entry_ruins, serial_glass,
          glass_columns_c, glass_columns_b
D:8:      layout_cave_pools, due_lair_maze_entry_diamond,
          gammafunk_ghost_nasty_kobolds
D:9:      layout_rooms, kennysheep_generic_room_8
D:10:     layout_loops_ring, hiddenorc2_lemuel
D:11:     layout_rooms, serial_shops, nicolae_take_the_stairs,
          nicolae_wooded_promenade
D:12:     layout_basic, gauntlet_entry_generic, minmay_quadrilaterals
D:13:     kennysheep_scales, layout_cave_pools, erik_vaults_2
Lair:1:   layout_concentric_octagons, fungi_pond_lemuel, grunt_megastairs_4,
          serial_bayou_shore_b
Lair:2:   layout_cave_pods, nicolae_volcano_entry_s_turn,
          nicolae_quartered_pool_little
Lair:3:   layout_layer_cave, minmay_snake_entry_six_corridors,
          infiniplex_staircase_pool_2, uniq_amaemon
Lair:4:   layout_loops_ring, skrybe_swamp_entry_bodies, beast_lair_carwin_9
Lair:5:   layout_gridlike, minmay_slime_entry_pillars, nicolae_lair_yak_garden,
          grunt_megastairs_5, serial_bayou_shore_b
Lair:6:   grunt_lair_end_beastmaster, layout_cave_pods, lemuel_fruit_tree
Orc:1:    layout_caves, serial_shops, nicolae_shop_competitors_out_of_business,
          nicolae_lakefront_shop, shop, nicolae_square_shop, shop, uniq_erica
Orc:2:    st_orc_pillars, layout_diamond_mine, basic_altar, uniq_saint_roka

Skill      XL: |  1  2  3  4  5  6  7  8  9 10 11 12 13 14 15 |
---------------+----------------------------------------------+-----
Earth Magic    | 3 4 5 |  5.0
Spellcasting   | 3 4 5 6 8 10 | 10.1
Conjurations   | 2 3 5 6 8 11 14 | 14.1
Fighting       | 2 8 12 14 15 | 15.0
Poison Magic   | 2 5 |  5.0
Air Magic      | 4 |  4.0
Fire Magic     | 5 7 8 10 | 10.3
Armour         | 5 |  5.2
Ice Magic      | 5 7 |  7.4
Dodging        | |  1.7
Stealth        | |  1.4
Transmutations | |  0.8

Action                   |  1- 3 |  4- 6 |  7- 9 | 10-12 | 13-15 || total
-------------------------+-------+-------+-------+-------+-------++-------
Melee: Staff             |   106 |    51 |       |       |       ||   157
       Unarmed           |     1 |       |       |       |       ||     1
       Dagger            |       |     3 |    43 |    54 |   197 ||   297
       Punch             |       |       |     1 |     2 |     2 ||     5
 Cast: Sandblast         |    26 |    64 |    11 |    16 |     3 ||   120
       Stone Arrow       |       |     1 |   127 |   227 |   318 ||   673
       Ignite Poison     |       |       |       |     2 |    28 ||    30
       Mephitic Cloud    |       |       |       |     2 |     1 ||     3
       Freezing Cloud    |       |       |       |    13 |     2 ||    15
       Starburst         |       |       |       |     6 |    45 ||    51
       Irradiate         |       |       |       |     2 |    25 ||    27
       Olgreb's Toxic Ra |       |       |       |       |    52 ||    52
Evoke: Wand              |       |       |       |     3 |     4 ||     7
  Use: Scroll            |       |       |     6 |     4 |    14 ||    24
       Potion            |       |       |     1 |     1 |     7 ||     9
 Stab: Sleeping          |     3 |       |       |       |       ||     3
       Petrified         |       |       |       |       |     5 ||     5
Armor: Robe              |    65 |    37 |    23 |     4 |       ||   129
       Acid dragon scale |       |       |       |    33 |     5 ||    38
       Troll leather arm |       |       |       |       |    75 ||    75
Dodge: Dodged            |    63 |    58 |    68 |   129 |   281 ||   599

Table legend: (Time is in decaauts)
 A = Elapsed time spent in this place.
 B = Non-inter-level travel time spent in this place.
 C = Inter-level travel time spent in this place.
 D = Time resting spent in this place.
 E = Time spent auto-exploring this place.
 F = Levels seen in this place.
 G = Mean time per level.
                   A        B        C        D        E       F      G
               +--------+--------+--------+--------+--------+-----+--------+
         Total |  29220 |  28193 |   1027 |   2182 |  22113 |  22 | 1328.2 |
       Dungeon |  15385 |  14796 |    589 |   1326 |  11464 |  13 | 1183.5 |
          Lair |   9550 |   9276 |    274 |      0 |   8318 |   6 | 1591.7 |
  Orcish Mines |   3235 |   3071 |    164 |    635 |   1876 |   2 | 1617.5 |
      Gauntlet |   1048 |   1048 |      0 |    221 |    455 |   1 | 1048.0 |
               +--------+--------+--------+--------+--------+-----+--------+

Top non-repeatable levels by time:
  Lair:6: 2320 daAuts
   Orc:2: 2084 daAuts
  Lair:3: 1963 daAuts
     D:1: 1770 daAuts
    D:12: 1713 daAuts
  Lair:2: 1647 daAuts
     D:7: 1579 daAuts
  Lair:4: 1534 daAuts
     D:8: 1448 daAuts
     D:4: 1376 daAuts
     D:2: 1278 daAuts
     D:5: 1259 daAuts
  Lair:5: 1192 daAuts
   Orc:1: 1150 daAuts
     D:9: 1098 daAuts
